 Dungeon Crawl Stone Soup version 0.17.1-3-g152610e (webtiles) character file.

274 HolyRage the Cudgeler (level 6, -1/55 HPs)
             Began as a Deep Dwarf Fighter on Apr 19, 2016.
             Killed from afar by Stendarr's ghost (10 damage)
             ... with a puff of flame
             ... on level 4 of the Dungeon on Apr 20, 2016.
             The game lasted 00:18:54 (2634 turns).

HolyRage the Cudgeler (Deep Dwarf Fighter)          Turns: 2634, Time: 00:18:54

Health: -1/55      AC: 11    Str: 21    XL:     6   Next: 3%
Magic:  6/6        EV:  5    Int:  9    God:
Gold:   192        SH: 10    Dex: 16    Spells: 0 memorised, 5 levels left

rFire  . . .     SeeInvis .     m - +3 whip (drain)
rCold  . . .     Clarity  .     h - +0 chain mail
rNeg   . . .     SustAt   .     c - +0 shield
rPois  .         Gourm    .     o - +0 helmet
rElec  .         Spirit   .     (no cloak)
rCorr  .         Warding  .     p - +0 pair of gloves
rMut   .         Stasis   .     (no boots)
MR     .....                    (no amulet)
Stlth  ..........               (no ring)
                                i - +4 ring of dexterity

@: non-regenerating, not resistant to hostile enchantments, extremely unstealthy
A: damage resistance, recharge devices, sense surroundings 1, slow regeneration
3
a: Device Recharging


You were on level 4 of the Dungeon.
You were very hungry.

You visited 1 branch of the dungeon, and saw 4 of its levels.

You collected 192 gold pieces.

Inventory:

Hand Weapons
 m - a +3 whip of draining (weapon)
Armour
 c - a +0 shield (worn)
 h - a +0 chain mail (worn)
 o - a +0 helmet (worn)
 p - a +0 pair of gloves (worn)
Jewellery
 i - a +4 ring of dexterity (left hand)
Wands
 e - a wand of heal wounds (0)
 k - a wand of confusion (0)
 l - a wand of fire (7)
Scrolls
 b - 6 scrolls of identify
 g - a scroll of blinking {unknown}
 j - 2 scrolls of amnesia
Potions
 d - 3 potions of might
Comestibles
 a - a beef jerky
 f - 3 bread rations
 n - a meat ration


   Skills:
 - Level 2.6 Fighting
 + Level 6.4 Maces & Flails
 - Level 3.2 Armour
 - Level 3.2 Shields


You had 5 spell levels left.
You didn't know any spells.

Dungeon Overview and Level Annotations

Branches:
Dungeon (4/15)
 Temple: D:4-7

Altars:
Nemelex Xobeh

Annotations:
D:4 Stendarr's ghost, amateur TrFE


Innate Abilities, Weirdness & Mutations

You are resistant to damage.
You can recharge devices by infusing magical energy.
You passively map a small area around you.
You do not regenerate naturally.


Message History

Stendarr's ghost barely misses you.
You barely miss Stendarr's ghost.
Stendarr's ghost is heavily damaged.
You block Stendarr's ghost's attack.
You hit Stendarr's ghost.
Stendarr's ghost is heavily damaged.
You closely miss Stendarr's ghost.
Stendarr's ghost is heavily damaged.
Stendarr's ghost hits you!
Stendarr's ghost says, "I have spells for any situation."
There is an open door here.
Your chain mail prevents you from hitting Stendarr's ghost.
Stendarr's ghost is heavily damaged.
You block Stendarr's ghost's attack.
Stendarr's ghost points at you and mumbles some strange words.
The flame tongue hits you!
* * * LOW HITPOINT WARNING * * *
Stendarr's ghost gestures at you while chanting.
The puff of flame hits you!
You die...

...,#..#
###......#......##....##
...,#... ,
#......#..##..##....#.
#....,,#......##'##..##....'.
,, ,#....
,+......'.).#........#.
#...., #......#...#........#.
#.# * #..W...#########..###.
* ##....##..#########... , ,
, #....#...........#...
#...@#...........#... ,, ,
#....#...........#... ,,
#....#...........#... *
#....##########..#... ,
...............#..#...
................#..#).. *
.................'..#...
.....[...........#..#... * ,
, ...........#..'...


You could see Stendarr's ghost.

Vanquished Creatures
  An orc wizard (D:3)
  The ghost of juanjsm the Stinger, a weakling SpVM (D:3)
  Ijyb (D:2)
  A giant frog skeleton (D:3)
  A worker ant (D:4)
  A hound skeleton (D:4)
  3 adders
  An ooze (D:1)
  2 worms
  2 giant geckos (D:1)
  5 orcs
  8 bats
  4 giant cockroaches
  7 goblins
  8 hobgoblins
  8 jackals
  2 quokkas
  3 giant newts
  9 kobolds
  8 rats
76 creatures vanquished.

Notes
Turn   | Place    | Note
--------------------------------------------------------------
     0 | D:1      | HolyRage the Deep Dwarf Fighter began the quest for the Orb.
     0 | D:1      | Reached XP level 1. HP: 20/20 MP: 1/1
    55 | D:1      | Reached XP level 2. HP: 24/27 MP: 2/2
   366 | D:1      | Reached XP level 3. HP: 26/33 MP: 3/3
   862 | D:2      | Reached skill level 4 in Maces & Flails
  1334 | D:2      | Reached XP level 4. HP: 25/40 MP: 4/4
  1563 | D:3      | Noticed juanjsm's ghost (weakling SpVM)
  1576 | D:3      | Killed juanjsm's ghost
  1689 | D:3      | Reached skill level 5 in Maces & Flails
  1926 | D:3      | Reached XP level 5. HP: 42/46 MP: 5/5
  1994 | D:3      | Noticed Ijyb
  2035 | D:2      | Killed Ijyb
  2237 | D:3      | Reached skill level 6 in Maces & Flails
  2387 | D:4      | Found a sparkling altar of Nemelex Xobeh.
  2549 | D:4      | Reached XP level 6. HP: 39/55 MP: 6/6
  2571 | D:4      | Noticed Stendarr's ghost (amateur TrFE)
  2634 | D:4      | Killed from afar by Stendarr's ghost

Action                   |  1- 3 |  4- 6 || total
-------------------------+-------+-------++-------
Melee: Flail             |   167 |    12 ||   179
       Whip              |       |   149 ||   149
Evoke: Wand              |       |     5 ||     5
  Use: Scroll            |       |     6 ||     6
  Eat: Chunk             |     2 |     3 ||     5
